Map: [ESL] Equilibrium

Players

Firefly - Winner!

  • Race: Protoss Protoss
  • Spawn Location: 1:00

Oliveira

  • Race: Terran Terran
  • Spawn Location: 11:00

Event: ESL SC2 Masters 2023 Winter (Regional)

VOD

Have the link to the VOD?

Description

Time

  • Played on: Nov. 12, 2023, 7:40 a.m.
  • Length: 8:48

All games in this series

Show
View Real Time Build Order
Export as new Build Order

Firefly Protoss - Winner!

Build Orders: 1 Gate Expand, Phoenix Opening 

Get SALT Encoding   

  12  0:00  Probe  
  13  0:12  Probe  
  14  0:18  Pylon  
  14  0:24  Probe  
  15  0:36  Gateway  
  15  0:37  Probe (Chrono Boost)  
  16  0:43  Assimilator  
  16  0:47  Probe (Chrono Boost)  
  17  0:52  Probe (Chrono Boost)  
  18  1:03  Probe  
  19  1:16  Probe  
  20  1:23  Cybernetics Core  
  20  1:31  Nexus  
  20  1:38  Pylon  
  20  1:41  Probe  
  21  1:50  Assimilator  
  21  1:53  Probe  
  22  1:57  Stalker (Chrono Boost)  
  22  2:01  Warp Gate  
  24  2:05  Probe (Chrono Boost)  
  26  2:16  Probe (Chrono Boost)  
  26  2:21  Probe (Chrono Boost)  
  26  2:25  Sentry  
  29  2:31  Probe  
  29  2:32  Gateway  
  32  2:44  Probe (Chrono Boost)  
  32  2:46  Probe (Chrono Boost)  
  32  2:55  Sentry  
  32  2:56  Probe (Chrono Boost)  
  36  3:00  Probe (Chrono Boost)  
  36  3:01  Phoenix  
  36  3:02  Probe (Chrono Boost)  
  37  3:08  Probe  
  37  3:10  Probe  
  39  3:13  Nexus  
  39  3:16  Pylon  
  39  3:19  Sentry  
  41  3:23  Probe  
  41  3:25  Probe  
  43  3:33  Twilight Council  
  43  3:35  Probe  
  43  3:36  Forge  
  43  3:38  Probe  
  45  3:45  Pylon  
  45  3:47  Probe  
  46  3:50  Probe  
  46  3:55  Pylon  
  47  3:59  Protoss Ground Armor Level 1 (Chrono Boost), Probe  
  47  4:00  Stalker x2  
  52  4:04  Probe  
  52  4:09  Charge (Chrono Boost)  
  53  4:15  Gateway x2  
  54  4:17  Probe  
  54  4:24  Gateway  
  54  4:30  Gateway  
  54  4:36  Gateway  
  54  4:40  Gateway  
  54  4:51  Stalker x2  
  54  4:52  Probe x2  
  60  4:53  Probe  
  61  5:00  Robotics Facility  
  61  5:04  Probe x2  
  61  5:06  Probe  
  64  5:10  Zealot x2  
  68  5:14  Zealot, Shield Battery  
  68  5:16  Zealot  
  68  5:19  Zealot  
  74  5:21  Protoss Ground Weapons Level 1 (Chrono Boost), Pylon  
  74  5:25  Probe x2  
  76  5:29  Pylon  
  76  5:31  Zealot x2, Probe  
  76  5:34  Pylon  
  81  5:37  Pylon  
  81  5:40  Stalker x2  
  85  5:44  Pylon  
  85  5:47  Pylon  
  85  5:51  Zealot x3  
  85  5:55  Zealot  
  90  5:59  Zealot x2  
  85  6:06  Probe x3  
  85  6:10  Pylon  
  85  6:11  Zealot x2  
  92  6:13  Zealot x2  
  92  6:17  Blink (Chrono Boost)  
  95  6:21  Zealot x3  
  101  6:27  Zealot  
  101  6:31  Zealot  
  100  6:39  Zealot x3  
  106  6:42  Zealot x3  
  111  6:48  Warp Prism  
  113  7:02  Stalker x4  
  113  7:06  Pylon  
  121  7:11  Zealot x2  
  125  7:21  Pylon x2  
  125  7:23  Pylon  
  125  7:33  Stalker x3  
  125  7:35  Stalker  
  133  7:41  Zealot x4  
  141  7:49  Nexus  
  141  8:04  Zealot x8  
  151  8:10  Warp Prism  
  149  8:15  Forge  
  108  8:27  Zealot x5  
  108  8:32  Stalker  
  92  8:37  Stalker  
Show
View Real Time Build Order
Export as new Build Order

Oliveira Terran 

Build Orders: Cyclone Opening, Reaper Expand 

Get SALT Encoding   

  12  0:00  SCV  
  13  0:12  SCV  
  14  0:17  Supply Depot  
  14  0:25  SCV  
  15  0:39  SCV  
  15  0:41  Barracks  
  16  0:45  Refinery  
  16  0:51  SCV  
  17  1:03  SCV  
  18  1:15  SCV  
  19  1:28  Orbital Command, Reaper  
  20  1:39  Command Center  
  20  1:47  Supply Depot  
  20  1:54  SCV  
  20  2:00  Marine  
  22  2:06  SCV  
  22  2:07  Factory  
  23  2:15  Bunker  
  23  2:18  SCV, Marine  
  25  2:27  Refinery  
  25  2:30  SCV  
  25  2:32  Barracks  
  25  2:36  Barracks Reactor  
  26  2:43  SCV  
  27  2:50  Cyclone  
  29  2:54  Orbital Command  
  29  2:57  SCV  
  30  3:09  SCV  
  31  3:13  Marine x2  
  33  3:21  Barracks Tech Lab, SCV  
  33  3:22  SCV  
  33  3:26  Cyclone  
  37  3:30  Marine  
  37  3:33  SCV  
  37  3:34  SCV, Supply Depot  
  39  3:37  Marine  
  39  3:39  Stimpack  
  39  3:40  Marine  
  42  3:45  SCV  
  42  3:46  SCV  
  44  3:48  Marine, Starport  
  45  3:56  Marine  
  45  3:57  SCV  
  45  3:58  SCV  
  45  3:59  Factory Reactor  
  45  4:00  Supply Depot  
  45  4:02  Marine  
  48  4:07  Marine  
  48  4:09  SCV  
  51  4:10  SCV  
  51  4:14  Marine  
  51  4:15  Engineering Bay  
  53  4:20  Marine  
  53  4:22  SCV x2  
  56  4:24  Supply Depot  
  56  4:25  Marine  
  57  4:32  Refinery  
  57  4:34  SCV  
  57  4:35  SCV  
  57  4:38  Marine  
  60  4:42  Supply Depot  
  60  4:43  Medivac  
  62  4:45  Marine x2  
  62  4:46  SCV, Medivac  
  62  4:47  Factory Tech Lab, SCV  
  68  4:53  Supply Depot  
  68  4:54  Terran Infantry Weapons Level 1  
  68  4:56  Marine  
  68  4:58  SCV  
  70  5:02  Barracks  
  70  5:03  Marine  
  70  5:04  SCV  
  72  5:11  Siege Tank, Refinery  
  72  5:12  Supply Depot  
  72  5:13  Marine  
  76  5:20  Marine  
  77  5:22  SCV  
  77  5:23  SCV  
  77  5:27  Starport Reactor  
  77  5:28  Supply Depot  
  79  5:29  Marine  
  80  5:36  SCV  
  80  5:38  Combat Shield, Command Center  
  80  5:39  Marine  
  82  5:45  Siege Tank, Marine  
  86  5:51  Marine  
  86  5:53  SCV  
  88  6:01  Marine  
  83  6:08  Marine  
  83  6:09  Marine  
  83  6:10  Marine  
  86  6:11  Medivac x2  
  86  6:14  Marine  
  86  6:18  Supply Depot  
  91  6:20  Barracks  
  91  6:21  Marine  
  91  6:23  Siege Tank  
  95  6:27  Barracks  
  95  6:29  Marine  
  93  6:33  Marine  
  93  6:34  Marine, SCV  
  93  6:36  Marine  
  95  6:41  Marine  
  101  6:47  Viking, Liberator, Marine  
  101  6:48  Terran Infantry Armor Level 1  
  101  6:50  SCV x2  
  104  6:54  Marine x2  
  104  6:58  Marine  
  104  6:59  Siege Tank  
  110  7:02  SCV  
  110  7:03  Marine  
  110  7:05  Marine  
  110  7:07  Missile Turret  
  113  7:09  Supply Depot  
  113  7:12  SCV  
  113  7:13  Orbital Command  
  113  7:15  SCV  
  115  7:20  Marine  
  115  7:22  Barracks Tech Lab x2  
  117  7:24  Barracks Reactor, SCV  
  117  7:27  SCV  
  117  7:28  Marine  
  117  7:29  Supply Depot  
  121  7:36  SCV  
  120  7:38  SCV  
  120  7:39  Armory, SCV, Engineering Bay  
  121  7:44  Supply Depot  
  121  7:45  Marauder x2, Widow Mine x2  
  121  7:46  Supply Depot  
  121  7:48  SCV  
  121  7:50  SCV  
  131  7:54  Supply Depot  
  130  8:05  Marine x2  
  128  8:06  Marauder  
  128  8:07  Widow Mine x2  
  128  8:10  SCV  
  128  8:11  SCV  
  133  8:13  SCV  
  133  8:14  Marine x2  
  133  8:15  Supply Depot, Marauder  
  133  8:18  Armory  
  130  8:20  Engineering Bay  
  130  8:25  Marine x2  
  130  8:26  Marauder  
  130  8:27  Marine  
  104  8:30  SCV  
  104  8:31  SCV  
Tags
 
Add a new tag
Caveats
  • Supply blocks, unpowered buildings, or Contaminate may cause inaccurate times.
  • Supply counts are checked every 10 seconds.